 Dungeon Crawl Stone Soup version 0.19-a0-1169-g4149f68 (webtiles) character file.

69 Lindan9 the Grave Robber (level 4, -3/30 HPs)
             Began as a Vampire Necromancer on Aug 16, 2016.
             Slain by a giant frog (6 damage)
             ... on level 3 of the Dungeon.
             The game lasted 00:09:34 (1797 turns).

Lindan9 the Grave Robber (Vampire Necromancer)      Turns: 1797, Time: 00:09:35

Health: -3/30      AC:  2    Str:  7    XL:     4   Next: 2%
Magic:  1/7        EV: 13    Int: 18    God:
Gold:   165        SH:  0    Dex: 14    Spells: 1 memorised, 7 levels left

rFire  . . .     SeeInvis +     j - +3 short sword (venom)
rCold  . . .     Gourm    .     a - +0 robe
rNeg   + . .     Faith    .     (no shield)
rPois  .         Spirit   .     (no helmet)
rElec  .         Dismiss  .     (no cloak)
rCorr  .         Reflect  .     (no gloves)
MR     .....     Harm     .     (no boots)
Stlth  +++.......               (no amulet)
                                (no ring)
                                (no ring)

@: no status effects
A: fangs 3, see invisible, unbreathing
a: Bat Form


You were on level 3 of the Dungeon.
You were not thirsty.

You visited 1 branch of the dungeon, and saw 3 of its levels.

You collected 165 gold pieces.

Inventory:

Hand Weapons
 f - a +0 dagger
 j - a +3 short sword of venom (weapon)
Armour
 a - a +0 robe (worn)
Potions
 c - 6 potions of blood
 g - 3 potions of curing
 h - a potion of brilliance {unknown}
 i - a potion of degeneration {unknown}
Books
 b - a book of Necromancy

   Spells                             Type                      Level
   a - Pain                           Necromancy                   1
   b - Animate Skeleton               Necromancy                   1
   c - Vampiric Draining              Necromancy                   3
   d - Regeneration                   Charms/Necromancy            3
   e - Animate Dead                   Necromancy                   4
   f - Control Undead                 Necromancy                   4


   Skills:
 + Level 0.1 Fighting
 + Level 0.2 Short Blades
 + Level 2.5 Dodging
 + Level 3.7 Stealth
 + Level 2.5 Spellcasting
 + Level 5.4 Necromancy


You had 7 spell levels left.
You knew the following spells:

 Your Spells              Type           Power        Failure   Level  Hunger
a - Pain                  Necr           ###.         1%          1    #......


Dungeon Overview and Level Annotations

Branches:
Dungeon (3/15)

Altars:


Innate Abilities, Weirdness & Mutations

You have razor-sharp teeth.
You have supernaturally acute eyesight. (SInv)
You can survive without breathing.


Message History

Confirm with . or Enter, or press ? or * to list all spells.
Aiming: Pain
Press: ? - help, Shift-Dir - straight line, f/p - giant frog
Aim: a giant frog (severely wounded, chance to defeat MR: 80%)
The giant frog writhes in agony!
The hobgoblin closely misses you. The giant frog hits you!
* * * LOW HITPOINT WARNING * * *
Casting: Pain
Confirm with . or Enter, or press ? or * to list all spells.
You don't have enough magic to cast that spell.
Unknown command.
Unknown command.
The giant frog hits you.
* * * LOW HITPOINT WARNING * * *
The kobold hits you but does no damage. The giant frog hits you.
* * * LOW HITPOINT WARNING * * *
There is a stone staircase leading up here.
The giant frog hits you.
You die...

#..#####.#
#######.........
................
................
..............
............
#######.#........
#...@FKg.(.......
#.###.#.##$......
#...#.# .......
#.#.#.# .......
#.#.#.# ....... #
###.# #.##### ..#
.# ### .#


You could see a giant frog, a hobgoblin and a kobold.

Vanquished Creatures
  An ooze (D:1)
  A worm (D:2)
  3 dart slugs
  A giant gecko (D:1)
  5 giant cockroaches
  4 goblins (D:1)
  6 hobgoblins
  6 jackals (D:2)
  8 kobolds
  A quokka (D:2)
  6 bats
  2 giant newts
  6 rats
50 creatures vanquished.

Notes
Turn   | Place    | Note
-------+----------+-------------------------------------------
     0 | D:1      | Lindan9 the Vampire Necromancer began the quest for the Orb.
     0 | D:1      | Reached XP level 1. HP: 13/13 MP: 3/3
   319 | D:1      | Reached XP level 2. HP: 17/19 MP: 1/5
   602 | D:1      | Reached skill level 5 in Necromancy
   717 | D:1      | Reached XP level 3. HP: 8/24 MP: 0/6
  1697 | D:2      | Reached XP level 4. HP: 29/30 MP: 5/7
  1783 | D:3      | Noticed a giant frog
  1797 | D:3      | Slain by a giant frog

Vault maps used:
D:1:      minmay_arrival_doors, minmay_distorted

Skill      XL: |  1  2 |
---------------+-------+-----
Necromancy     | 5 |  5.4
Fighting       | |  0.1
Short Blades   | |  0.2
Dodging        | |  2.5
Stealth        | |  3.7
Spellcasting   | |  2.5

Action                   |  1- 3 |  4- 6 || total
-------------------------+-------+-------++-------
Melee: Dagger            |    27 |       ||    27
       Bite              |     7 |       ||     7
       Short sword       |    14 |     3 ||    17
 Cast: Pain              |    57 |    10 ||    67
  Use: Scroll            |     7 |       ||     7
 Stab: Sleeping          |     5 |       ||     5
  Eat: Corpse            |     6 |       ||     6
Armor: Robe              |     6 |     2 ||     8
Dodge: Dodged            |    19 |     9 ||    28
